 Dungeon Crawl Stone Soup version 0.29-a0-384-g6960b1960d (webtiles) character file.

Game seed: 8596423318834375655

247 spaghetti the Fighter (level 6, 7/57 HPs)
             Began as a Gnoll Wanderer on May 7, 2022.
             Quit the game on level 4 of the Dungeon.
             The game lasted 00:07:56 (3124 turns).

spaghetti the Fighter (Gnoll Wanderer)              Turns: 3124, Time: 00:07:56

Health: 7/57       AC:  6    Str:  8 (10) XL:     6   Next: 11%
Magic:  11/16      EV: 13    Int: 19 (21) God:
Gold:   250        SH:  0    Dex: 10 (11) Spells: 14/19 levels left

rFire   + . .      SeeInvis .   c - +2 whip (holy) {mace}
rCold   . . .      Faith    .   (no shield)
rNeg    . . .      Spirit   .   d - +2 leather armour
rPois   .          Reflect  .   p - +0 helmet
rElec   .          Harm     .   (no cloak)
rCorr   .          Rampage  .   (no gloves)
Will    .....                   (no boots)
Stlth   +.........              (no amulet)
HPRegen 0.19/turn               g - ring of protection from fire
MPRegen 0.15/turn               i - +6 ring of intelligence

@: brilliant, lethally poisoned (7 -> -20), wereblooded, very slightly
contaminated
A: fangs 1, strong nose, distributed training
a: no special abilities


You were on level 4 of the Dungeon.
You visited 1 branch of the dungeon, and saw 4 of its levels.

You collected 250 gold pieces.


Innate Abilities, Weirdness & Mutations

You have very sharp teeth.
Your uncanny sense of smell can sniff out nearby items.
Your experience applies equally to all skills.


   Skills:
 + Level 8.7 Fighting
 + Level 1.8 Short Blades
 + Level 1.8 Long Blades
 + Level 1.8 Axes
 + Level 1.8 Maces & Flails
 + Level 1.8 Polearms
 + Level 1.8 Staves
 + Level 1.8 Slings
 + Level 1.8 Bows
 + Level 1.8 Crossbows
 + Level 1.8 Throwing
 + Level 1.8 Armour
 + Level 6.8 Dodging
 + Level 1.8 Stealth
 + Level 1.8 Shields
 + Level 1.8 Unarmed Combat
 + Level 7.4 Spellcasting
 + Level 1.4 Conjurations
 + Level 1.4 Hexes
 + Level 1.4 Summonings
 + Level 1.4 Necromancy
 + Level 1.4 Translocations
 + Level 1.4 Transmutations
 + Level 1.4 Fire Magic
 + Level 1.4 Ice Magic
 + Level 1.4 Air Magic
 + Level 1.4 Earth Magic
 + Level 1.4 Poison Magic
 + Level 2.0 Invocations
 + Level 1.8 Evocations


You had 14 spell levels left.
You knew the following spells:

 Your Spells              Type           Power      Damage    Failure   Level
a - Spider Form           Tmut/Pois      18%        N/A       22%         3
b - Wereblood             Tmut           18%        N/A       12%         2

Your spell library contained the following spells:

 Spells                   Type           Power      Damage    Failure   Level
 Beastly Appendage        Tmut           36%        N/A       8%          1
 Sandblast                Erth           36%        2d10      8%          1
 Passwall                 Tmut/Erth      15%        N/A       12%         2
 Stone Arrow              Conj/Erth      36%        3d9       22%         3

Inventory:

Hand Weapons
 a - a +0 dagger {short}
 c - a +2 whip of holy wrath (weapon) {mace}
   (You took it off a kobold on level 1 of the Dungeon)
Missiles
 f - 116 stones (quivered) {throwing}
 h - 10 poisoned darts {throwing}
 k - 4 boomerangs {throwing}
Armour
 d - a +2 leather armour (worn)
 m - a scarf of invisibility
   (You found it on level 2 of the Dungeon)
 p - a +0 helmet (worn)
   (You found it on level 3 of the Dungeon)
Jewellery
 g - a ring of protection from fire (left hand)
   (You found it on level 1 of the Dungeon)
 i - a +6 ring of intelligence (right hand)
   (You found it on level 1 of the Dungeon)
Scrolls
 b - a scroll of vulnerability {!r!r}
 e - 2 scrolls of silence {unknown}
 l - a scroll of brand weapon {unknown}
 n - 3 scrolls of enchant weapon {unknown}
 o - 2 scrolls of teleportation {unknown}
 q - a scroll of summoning {unknown}
 r - a scroll of identify {unknown}

Dungeon Overview and Level Annotations

Branches:
Dungeon (4/15)
 Temple: D:4-7

Altars:

Annotations:
D:4 Dowan, Duvessa

#.........#
#.........#
#..######.# #..#
#.# . #.## #.# #
##.# ###.#
###..#####...##
#........ยงe...##
............@###..#
####.......###
##....# #....e..#
#e..# ##......#
#..# #......# ..#
##...... ...
#....... .... ...


You could see Duvessa (very poisoned) and Dowan (very poisoned).


Message History

You miscast Spider Form.
You are very lightly contaminated with residual magic.
Nothing appears to happen. ๐Ÿ˜Ž MP[-2]
You lost 2 mp, and now have 13/16 mp.
Casting: Spider Form (dangerous; 22% risk of failure)
Confirm with . or Enter, or press ? or * to list all spells.
You feel a surge of power!
You miscast Spider Form.
Nothing appears to happen. ๐Ÿ˜Ž MP[-2]
You lost 2 mp, and now have 11/16 mp.
Casting: Spider Form (dangerous; 22% risk of failure)
Confirm with . or Enter, or press ? or * to list all spells.
You feel a surge of power!
You turn into a venomous arachnid creature.
Your +2 whip of holy wrath {mace} melds into your body.
Your +0 helmet melds into your body.
Your +2 leather armour melds into your body.
Your +2 whip of holy wrath {mace} stops glowing.
Duvessa hits you with a +0 short sword. ๐Ÿ˜• HP[-5] MP[-2]
You take 5 damage, and now have 52/57 hp.
You lost 2 mp, and now have 9/16 mp.
Unknown command.
You hit Duvessa.
Duvessa is poisoned.
Duvessa closely misses you.
You hit Duvessa but do no damage. Duvessa misses you. ๐Ÿ˜• HP[+1]
You hit Duvessa but do no damage.
Duvessa looks as sick as possible!
Duvessa closely misses you. ๐Ÿ˜• MP[+1]
You barely miss Duvessa.
Dowan, Brother of Duvessa comes into view.
He is wielding a +4 dagger of venom.
The orc hits you with a +0 hand axe. Duvessa misses you. ๐Ÿ˜• HP[-5]
You take 5 damage, and now have 48/57 hp.
Unknown command.
Unknown command.
Dowan shouts!
You hit Duvessa but do no damage.
Duvessa looks as sick as possible!
You hear a shout!
The orc misses you. Duvessa misses you.
You hit the orc.
The orc is poisoned.
Duvessa hits you with a +0 short sword. The orc misses you. ๐Ÿ˜• HP[-4]
You take 4 damage, and now have 44/57 hp.
You hit the orc.
The orc looks even sicker.
You feel a bit better.
You kill the orc!
Dowan casts a spell.
Dowan blinks!
Duvessa completely misses you. ๐Ÿ˜• HP[+3]
You regained 3 hp, and now have 47/57 hp.
You hit Dowan. Dowan barely misses you.
Duvessa hits you with a +0 short sword. ๐Ÿ˜ฎ HP[-5]
You take 5 damage, and now have 42/57 hp.
You barely miss Dowan.
Dowan hits you with a +4 dagger of venom!
You are poisoned.
Duvessa hits you with a +0 short sword. ๐Ÿ˜ฎ HP[-11]
You take 11 damage, and now have 31/57 hp.
Unknown command.
Unknown command.
You hit Dowan.
Dowan is poisoned.
* * * LOW HITPOINT WARNING * * *
You feel very sick.
Dowan hits you with a +4 dagger of venom.
* * * LOW HITPOINT WARNING * * *
You are more poisoned.
Duvessa hits you with a +0 short sword.
* * * LOW HITPOINT WARNING * * *
๐Ÿ˜จ HP[-14] MP[+1]
You take 14 damage, and now have 17/57 hp.
MASSIVE DAMAGE!! (PAUSE)
Okay, then.
You aren't carrying any potions.
Your transformation has ended.
Your +2 whip of holy wrath {mace} unmelds from your body.
Your +0 helmet unmelds from your body.
Your +2 leather armour unmelds from your body.
Your +2 whip of holy wrath {mace} softly glows with a divine radiance!
* * * LOW HITPOINT WARNING * * *
You feel extremely sick.
Dowan mumbles some strange words.
Dowan blinks!
Duvessa hits you with a +0 short sword.
* * * LOW HITPOINT WARNING * * *
๐Ÿ˜ฑ HP[-10]
You take 10 damage, and now have 7/57 hp.
Unknown command.
Unknown command.
Unknown command.
Okay, then.
You aren't carrying any potions.
You are brilliant.
You are lethally poisoned (7 -> -20).
Your melee attacks are strengthened by your wereblood.
You are very lightly contaminated with residual magic.
Your movement speed is average.
Your attack delay is about 1.0.
Your base attributes are Str 10, Int 15, Dex 11.
Are you sure you want to abandon this character and quit the game? (Confirm with "yes".)

Skill      XL: |  1  2  3  4  5 |
---------------+----------------+-----
Invocations    | 1 2 |  2.0
Short Blades   | 1 |  1.8
Long Blades    | 1 |  1.8
Axes           | 1 |  1.8
Maces & Flails | 1 |  1.8
Polearms       | 1 |  1.8
Staves         | 1 |  1.8
Slings         | 1 |  1.8
Bows           | 1 |  1.8
Crossbows      | 1 |  1.8
Throwing       | 1 |  1.8
Armour         | 1 |  1.8
Stealth        | 1 |  1.8
Shields        | 1 |  1.8
Unarmed Combat | 1 |  1.8
Evocations     | 1 |  1.8
Conjurations   | 1 |  1.4
Hexes          | 1 |  1.4
Summonings     | 1 |  1.4
Necromancy     | 1 |  1.4
Translocations | 1 |  1.4
Transmutations | 1 |  1.4
Fire Magic     | 1 |  1.4
Ice Magic      | 1 |  1.4
Air Magic      | 1 |  1.4
Earth Magic    | 1 |  1.4
Poison Magic   | 1 |  1.4
Fighting       | |  8.7
Dodging        | |  6.8
Spellcasting   | |  7.4

Action                   |  1- 3 |  4- 6 || total
-------------------------+-------+-------++-------
Melee: Dagger            |    13 |       ||    13
       Whip              |    56 |    12 ||    68
       Bite              |     5 |     1 ||     6
       Punch             |     1 |       ||     1
       Unarmed           |    23 |    71 ||    94
Throw: Stone             |    34 |    19 ||    53
 Cast: Spider Form       |     4 |    10 ||    14
       Wereblood         |     3 |     9 ||    12
 Abil: End Transformatio |       |     1 ||     1
  Use: Potion            |     1 |     3 ||     4
Armor: Leather armour    |    18 |     1 ||    19
       Skin              |     3 |     4 ||     7
Dodge: Dodged            |    84 |    57 ||   141

Levels and vault maps discovered:
D:1:      dpeg_arrival_stone_temple_mockup, layout_loops_corners,
          ebering_ecumenical_altar_rust, amcnicky_mini_rare_corridor_liquid
D:2:      layout_rooms
D:3:      layout_rooms
D:4:      layout_layer_cave, uniq_menkaure, uniq_grinder, uniq_duvessa

Notes
Turn   | Place    | Note
-------+----------+-------------------------------------------
     0 | D:1      | spaghetti the Gnoll Wanderer began the quest for the Orb.
     0 | D:1      | spaghetti set off with the following items: a +0 dagger
                  | {short}, a scroll of vulnerability {!r!r}, a potion of heal
                  | wounds {@q2}, a +2 leather armour
     0 | D:1      | Reached XP level 1. HP: 26/26 MP: 8/8
     0 | D:1      | magus.rc [v1.9.6]
   350 | D:1      | Reached XP level 2. HP: 33/33 MP: 10/10
   517 | D:1      | You pick up a book of Changes and begin reading...
   517 | D:1      | You add the spells Beastly Appendage, Wereblood and Spider
                  | Form to your library.
   653 | D:1      | Reached XP level 3. HP: 29/38 MP: 11/11
  1035 | D:1      | Learned a level 3 spell: Spider Form
  1038 | D:1      | Learned a level 2 spell: Wereblood
  1093 | D:1      | Found a faded altar of an unknown god.
  1277 | D:2      | Reached skill level 1 in Invocations
  1284 | D:2      | Reached skill level 1 in Short Blades
  1284 | D:2      | Reached skill level 1 in Long Blades
  1284 | D:2      | Reached skill level 1 in Axes
  1284 | D:2      | Reached skill level 1 in Maces & Flails
  1284 | D:2      | Reached skill level 1 in Polearms
  1284 | D:2      | Reached skill level 1 in Staves
  1284 | D:2      | Reached skill level 1 in Slings
  1284 | D:2      | Reached skill level 1 in Bows
  1284 | D:2      | Reached skill level 1 in Crossbows
  1284 | D:2      | Reached skill level 1 in Throwing
  1284 | D:2      | Reached skill level 1 in Armour
  1284 | D:2      | Reached skill level 1 in Stealth
  1284 | D:2      | Reached skill level 1 in Shields
  1284 | D:2      | Reached skill level 1 in Unarmed Combat
  1284 | D:2      | Reached skill level 1 in Evocations
  1441 | D:2      | Reached XP level 4. HP: 38/45 MP: 10/13
  2435 | D:3      | Reached skill level 1 in Conjurations
  2435 | D:3      | Reached skill level 1 in Hexes
  2435 | D:3      | Reached skill level 1 in Summonings
  2435 | D:3      | Reached skill level 1 in Necromancy
  2435 | D:3      | Reached skill level 1 in Translocations
  2435 | D:3      | Reached skill level 1 in Transmutations
  2435 | D:3      | Reached skill level 1 in Fire Magic
  2435 | D:3      | Reached skill level 1 in Ice Magic
  2435 | D:3      | Reached skill level 1 in Air Magic
  2435 | D:3      | Reached skill level 1 in Earth Magic
  2435 | D:3      | Reached skill level 1 in Poison Magic
  2441 | D:3      | Reached XP level 5. HP: 36/51 MP: 9/14
  2556 | D:3      | You pick up a book of Geomancy and begin reading...
  2556 | D:3      | You add the spells Sandblast, Passwall and Stone Arrow to
                  | your library.
  2727 | D:4      | Noticed Menkaure
  2747 | D:4      | HP: 9/51 [Menkaure (9)]
  2748 | D:4      | Killed Menkaure
  2749 | D:4      | Reached skill level 2 in Invocations
  2749 | D:4      | Reached XP level 6. HP: 11/57 MP: 16/16
  3102 | D:4      | Noticed Duvessa
  3116 | D:4      | Noticed Dowan
  3123 | D:4      | HP: 9/57 [poisoned by Dowan]
  3124 | D:4      | Quit the game

Vanquished Creatures
  Menkaure (D:4)
  3 gnolls (D:3)
  2 adders (D:2)
  2 worms
  2 orcs
  7 ball pythons
  8 endoplasms
  2 giant cockroaches (D:1)
  7 goblins
  5 hobgoblins
  8 jackals
  7 kobolds
  4 quokkas
  A bat (D:2)
  5 frilled lizards
  5 rats (D:1)
69 creatures vanquished.

Table legend:
 A = Non-vault XP
 B = Vault XP
 C = Vault XP percentage of total XP
 D = Non-vault monster count
 E = Vault monster count
 F = Vault count percentage of total count
                 A         B        C        D         E       F
            +---------+---------+-------+---------+---------+-------
      Total |     181 |     172 |  48.7 |      68 |       1 |   1.4
            +---------+---------+-------+---------+---------+-------
        D:1 |      43 |       0 |   0.0 |      28 |       0 |   0.0
        D:2 |      54 |       0 |   0.0 |      17 |       0 |   0.0
        D:3 |      76 |       0 |   0.0 |      19 |       0 |   0.0
        D:4 |       8 |     172 |  95.6 |       4 |       1 |  20.0
            +---------+---------+-------+---------+---------+-------

Illustrated notes

Table legend:
 A = Kills in this place as a percentage of kills in entire the game.
 B = Kills by you in this place as a percentage of kills by you in the entire game.
 C = Kills by friends in this place as a percentage of kills by friends in the entire game.
 D = Other kills in this place as a percentage of other kills in the entire game.
 E = Experience gained in this place as a percentage of experience gained in the entire game.
 F = Experience gained in this place divided by the number of levels of this place that you have seen.
                   A       B       C       D       E      F
               +-------+-------+-------+-------+-------+----------------------
         Total | 100.0 | 100.0 |   N/A |   N/A | 100.0 |  88.2
       Dungeon | 100.0 | 100.0 |   N/A |   N/A | 100.0 |  88.2
               +-------+-------+-------+-------+-------+----------------------

Table legend: (Time is in decaauts)
 A = Elapsed time spent in this place.
 B = Non-inter-level travel time spent in this place.
 C = Inter-level travel time spent in this place.
 D = Time resting spent in this place.
 E = Time spent auto-exploring this place.
 F = Levels seen in this place.
 G = Mean time per level.
                   A        B        C        D        E       F      G
               +--------+--------+--------+--------+--------+-----+--------+
         Total |   3131 |   3071 |     60 |    486 |   2085 |   4 |  782.8 |
       Dungeon |   3131 |   3071 |     60 |    486 |   2085 |   4 |  782.8 |
               +--------+--------+--------+--------+--------+-----+--------+

Top non-repeatable levels by time:
     D:1: 1358 daAuts
     D:3: 973 daAuts
     D:2: 590 daAuts
     D:4: 208 daAuts
